 Dungeon Crawl Stone Soup version 0.29-a0-284-gf9362112df (webtiles) character file.

Game seed: 12599860114541858990

31 being54 the Skirmisher (level 3, -2/24 HPs)
             Began as a Gargoyle Fighter on Mar 21, 2022.
             Slain by a white imp (5 damage)
             ... summoned by Natasha
             ... on level 2 of the Dungeon.
             The game lasted 00:01:52 (1042 turns).

being54 the Skirmisher (Gargoyle Fighter)           Turns: 1042, Time: 00:01:53

Health: -2/24      AC: 11    Str: 21    XL:     3   Next: 22%
Magic:  3/3        EV:  9    Int:  8    God:
Gold:   48         SH:  4    Dex:  9    Spells: 2/2 levels left

rFire   . . .      SeeInvis .   a - +1 flail
rCold   . . .      Faith    .   c - +0 buckler
rNeg    + . .      Spirit   .   b - +0 scale mail
rPois   ∞          Reflect  .   (no helmet)
rElec   +          Harm     .   (no cloak)
rCorr   .          Rampage  .   i - +0 pair of gloves
Will    .....                   (no boots)
Stlth   ..........              (no amulet)
HPRegen 0.08/turn               (no ring)
MPRegen 0.08/turn               (no ring)

@: slowed, very slow
A: sickness immunity, AC +3, negative energy resistance 1, electricity
resistance, torment resistance 1, petrification resistance
a: no special abilities


You were on level 2 of the Dungeon.
You visited 1 branch of the dungeon, and saw 2 of its levels.

You collected 48 gold pieces.

Inventory:

Hand Weapons
 a - a +1 flail (weapon)
Armour
 b - a +0 scale mail (worn)
 c - a +0 buckler (worn)
 i - a +0 pair of gloves (worn)
Jewellery
 h - a +4 ring of protection
Potions
 d - a potion of might
 f - a potion of flight
 g - a potion of magic {unknown}


   Skills:
 + Level 3.8 Fighting
 * Level 3.1 Maces & Flails
 - Level 3.2 Armour
 - Level 3.2 Shields


You had 2 spell levels left.
You didn't know any spells.
Your spell library was empty.

Dungeon Overview and Level Annotations

Branches:
Dungeon (2/15)

Altars:

Annotations:
D:2 Natasha


Innate Abilities, Weirdness & Mutations

You are immune to sickness and miasma.
Your stone body is resilient. (AC +3)
You are immune to poison.
You resist negative energy. (rN+)
You are resistant to electric shocks. (rElec)
You are resistant to unholy torment.
You are immune to petrification.


Message History

You sock the kobold!
You kill the kobold!
No target in view!
Natasha, Servant of Life and Death comes into view.
Natasha extends her claws.
Natasha casts a spell at you.
You feel yourself slow down.
Things that are here:
a +0 short sword; 2 stones; a kobold corpse Natasha is nearby!
Natasha casts a spell.
You see here 14 gold pieces.
Natasha barely misses you.
The white imp hits you but does no damage.
Natasha wildly gestures.
You feel disoriented. You block Natasha's attack.
You closely miss Natasha. You block the white imp's attack.
Natasha claws you but does no damage.
The white imp hits you but does no damage.
You closely miss Natasha. You block Natasha's attack.
The white imp barely misses you. Natasha barely misses you.
The white imp hits you but does no damage.
You closely miss Natasha. Natasha casts a spell at you.
The magic dart hits you!
Ouch! That really hurt!
The white imp gestures at you. The puff of frost misses you.
Natasha claws you but does no damage.
The white imp hits you but does no damage.
You sock Natasha!
Natasha is almost dead.
Natasha claws you. The white imp barely misses you.
Natasha stares at you and mumbles some strange words.
The magic dart hits you.
* * * LOW HITPOINT WARNING * * *
The white imp hits you.
* * * LOW HITPOINT WARNING * * *
The white imp freezes you.
You die...

# . # .# #####.
##.# ......###
...
........#######h#
#.....)$@5#
#<#######.# #.#
... #.. ##...
..## ..... ###
#.## .# #


You could see Natasha and a white imp (summoned).

Vanquished Creatures
  2 dart slugs (D:1)
  A ball python (D:1)
  4 endoplasms (D:1)
  3 goblins (D:1)
  5 hobgoblins (D:1)
  A bat (D:1)
  2 frilled lizards (D:1)
  3 kobolds
  5 rats (D:1)
26 creatures vanquished.

Notes
Turn   | Place    | Note
-------+----------+-------------------------------------------
     0 | D:1      | being54 the Gargoyle Fighter began the quest for the Orb.
     0 | D:1      | Reached XP level 1. HP: 14/14 MP: 1/1
   206 | D:1      | Reached XP level 2. HP: 11/19 MP: 2/2
   795 | D:1      | Reached XP level 3. HP: 24/24 MP: 3/3
   999 | D:1      | Found a faded altar of an unknown god.
  1036 | D:2      | Noticed Natasha
  1042 | D:2      | Slain by a white imp

Illustrated notes

Levels and vault maps discovered:
D:1:      lemuel_arrival_cross, layout_basic,
          shapermc_ecumenical_altar_acropolis, interstate_on_off,
          chequers_serial_rivers_micro_d
D:2:      layout_loops_ring, uniq_natasha, uniq_sigmund

Skill      XL: |  1  2 |
---------------+-------+-----
Maces & Flails | 3 |  3.1
Fighting       | |  3.8
Armour         | |  3.2
Shields        | |  3.2

Action                   || total
-------------------------++-------
Melee: Flail             ||    62
  Use: Scroll            ||     2
Armor: Scale mail        ||    32
Dodge: Dodged            ||    19
Block: Buckler           ||    16

Table legend: (Time is in decaauts)
 A = Elapsed time spent in this place.
 B = Non-inter-level travel time spent in this place.
 C = Inter-level travel time spent in this place.
 D = Time resting spent in this place.
 E = Time spent auto-exploring this place.
 F = Levels seen in this place.
 G = Mean time per level.
                   A        B        C        D        E       F      G
               +--------+--------+--------+--------+--------+-----+--------+
         Total |   1063 |   1042 |     21 |    126 |    749 |   2 |  531.5 |
       Dungeon |   1063 |   1042 |     21 |    126 |    749 |   2 |  531.5 |
               +--------+--------+--------+--------+--------+-----+--------+

Top non-repeatable levels by time:
     D:1: 1044 daAuts
     D:2: 19 daAuts
